 Dungeon Crawl Stone Soup version 0.22-a0-362-g535178c (webtiles) character file.

1252 TheNamelessOne the Insei (level 8, 0/48 HPs)
             Began as an Octopode Transmuter on Apr 21, 2018.
             Succumbed to a killer bee's poison
             ... on level 5 of the Dungeon.
             The game lasted 00:15:03 (5279 turns).

TheNamelessOne the Insei (Octopode Transmuter)      Turns: 5279, Time: 00:15:04

Health: 0/48       AC:  2    Str: 14    XL:     8   Next: 51%
Magic:  12/14      EV: 25    Int: 18    God:
Gold:   289        SH:  0    Dex: 22    Spells: 5/15 levels left

rFire    + . .     SeeInvis .     - Unarmed
rCold    + . .     Gourm    .   (shield currently unavailable)
rNeg     . . .     Faith    .   (helmet currently unavailable)
rPois    .         Spirit   .   (no amulet)
rElec    +         Reflect  .   (no ring)
rCorr    +         Harm     .   (no ring)
MR       .....                  (no ring)
Stlth    +++.......             (no ring)
HPRegen  0.16/turn              (no ring)
MPRegen  0.14/turn              (no ring)
                                (no ring)
                                (no ring)

@: mighty, agile, lethally poisoned (0 -> -25), spider-form, resistant, very
slightly contaminated, invisible
A: tiny, almost no armour, stealthy swim, (amphibious), 8 rings, (constrict 8)
a: End Transformation


You were on level 5 of the Dungeon.
You were hungry.
You were a venomous arachnid creature.
You visited 1 branch of the dungeon, and saw 5 of its levels.

You collected 289 gold pieces.

Inventory:

Hand Weapons
 d - a +4 quarterstaff of chaos (melded)
Missiles
 a - 88 arrows
Jewellery
 h - an uncursed ring of magical power {unknown}
Wands
 j - a wand of acid (8)
Scrolls
 f - a scroll of random uselessness
 g - a scroll of noise {unknown}
 m - a scroll of identify
 o - a scroll of fog {unknown}
 p - a scroll of remove curse
 q - a scroll of immolation {unknown}
Comestibles
 c - 12 rations


   Skills:
 - Level 1.0 Fighting
 - Level 2.0 Dodging
 + Level 6.5 Unarmed Combat
 - Level 4.0 Spellcasting
 - Level 6.4 Transmutations
 + Level 1.8 Ice Magic
 - Level 2.9 Poison Magic


You had 5 spell levels left.
You knew the following spells:

 Your Spells              Type           Power        Failure   Level  Hunger
a - Beastly Appendage     Tmut           ####..       5%          1    None
b - Sticks to Snakes      Tmut           ####....     7%          2    ##.....
c - Spider Form           Tmut/Pois      ###.......   17%         3    ###....
d - Ice Form              Ice/Tmut       ###.....     47%         4    ####...


Dungeon Overview and Level Annotations

Branches:
Dungeon (5/15)
 Temple: D:4-7

Altars:
Ashenzari
Dithmenos
Okawaru
Ru
Sif Muna
Trog
Wu Jian
The Shining One

Shops:
D:4 %


Innate Abilities, Weirdness & Mutations

You cannot wear most types of armour.
You are very stealthy in the water. (Stealth+)
((You are amphibious.))
You can wear up to eight rings at the same time.
((You can use your tentacles to constrict eight enemies at once.))
((Your skin changes colour to match your surroundings (Stealth+).))
((Your rubbery body absorbs attacks. (AC +1, EV +1)))
((You are partially covered in molten scales. (AC +2)))


Message History

* * * LOW HITPOINT WARNING * * *
You feel sick. The killer bee closely misses you.
Unknown command.
You fade into invisibility!
* * * LOW HITPOINT WARNING * * *
You feel very sick. The killer bee barely misses you.
The killer bee misses you.
You are very lightly contaminated with residual magic.
It was a potion of resistance.
You feel protected.
* * * LOW HITPOINT WARNING * * *
You feel sick. The killer bee misses you. The killer bee completely misses you.
You feel very mighty all of a sudden.
* * * LOW HITPOINT WARNING * * *
You feel sick.
The killer bee completely misses you. x2
A jackal comes into view.
Unknown command.
It was a potion of agility.
You feel agile all of a sudden.
You die...

#...............
######
#...............
#8#....##
##.............#
..#......##
#......#.....##
...........##
#.#########..#
..........#..## ###.#
##.##
..........##..###...#
#..#
...............#..###
##..
..y≈≈≈≈≈.......#s##
###
.≈≈####≈≈......#y# ..
≈# ##≈.....#hy# ...#
#≈...†#8.## ...##
#≈.....### #. #. .≈#
##≈......# ##. .
.≈≈####≈≈......# ...
..≈≈≈≈≈≈......y# ...
...............# #.##


You could see 2 killer bees and a jackal.

Vanquished Creatures
  The ghost of TheNamelessOne the Digger, an amateur OpEE (D:3)
  An ogre (D:4)
  A phantom (D:4)
  Blork the orc (D:3)
  A bullfrog (D:5)
  A scorpion (D:4)
  2 killer bees (D:5)
  2 crimson imps (D:5)
  2 jellies (D:5)
  A hound (D:5)
  Crazy Yiuf (D:3)
  A bullfrog skeleton (D:4)
  3 orc wizards (D:3)
  A centaur skeleton (D:5)
  An iguana (D:5)
  3 worker ants
  A killer bee zombie (D:5)
  An adder (D:3)
  6 gnolls
  A howler monkey skeleton (D:5)
  A shadow imp (D:5)
  2 oozes (D:3)
  2 worms
  3 leopard geckos
  16 orcs
  2 giant cockroaches
  2 hobgoblins
  16 jackals
  2 quokkas
  A ball python skeleton (D:4)
  2 bats (D:1)
  5 frilled lizards
  5 goblins
  7 kobolds
  A quokka skeleton (D:5)
  13 rats
112 creatures vanquished.

Notes
Turn   | Place    | Note
-------+----------+-------------------------------------------
     0 | D:1      | TheNamelessOne the Octopode Transmuter began the quest for the Orb.
     0 | D:1      | Reached XP level 1. HP: 13/13 MP: 3/3
   223 | D:1      | Reached XP level 2. HP: 15/18 MP: 5/5
   788 | D:2      | Found a shadowy altar of Dithmenos.
  1182 | D:2      | Reached XP level 3. HP: 23/23 MP: 4/6
  1232 | D:3      | Learned a level 2 spell: Sticks to Snakes
  1236 | D:3      | Learned a level 3 spell: Spider Form
  1344 | D:3      | Noticed TheNamelessOne's ghost (amateur OpEE)
  1416 | D:3      | Reached XP level 4. HP: 13/28 MP: 2/7
  1722 | D:3      | Killed TheNamelessOne's ghost
  1722 | D:3      | Reached XP level 5. HP: 18/33 MP: 5/10
  1722 | D:3      | Reached XP level 6. HP: 21/38 MP: 5/11
  1751 | D:3      | HP: 1/38 [orc wizard/magic dart (4)]
  1762 | D:3      | Gained mutation: You are partially covered in molten scales. (AC +2) [potion of mutation]
  1831 | D:3      | Found a shattered altar of Ashenzari.
  2103 | D:3      | Found a bloodstained altar of Trog.
  2189 | D:3      | Reached skill level 5 in Transmutations
  2231 | D:3      | Found a runed door.
  2561 | D:3      | Noticed Crazy Yiuf
  2570 | D:3      | Killed Crazy Yiuf
  2643 | D:4      | Noticed Blork the orc
  2655 | D:3      | Killed Blork the orc
  2655 | D:3      | Reached XP level 7. HP: 7/43 MP: 10/13
  3100 | D:4      | Found an iron altar of Okawaru.
  3112 | D:4      | Found Enguelar's Food Boutique.
  3215 | D:4      | Found a deep blue altar of Sif Muna.
  3526 | D:4      | Found an ornate altar of the Wu Jian Council.
  3648 | D:4      | Found a sacrificial altar of Ru.
  3653 | D:4      | Reached skill level 5 in Unarmed Combat
  3994 | D:5      | Entered Level 5 of the Dungeon
  4077 | D:4      | Learned a level 4 spell: Ice Form
  4231 | D:5      | Reached skill level 1 in Poison Magic
  4231 | D:5      | Reached XP level 8. HP: 41/48 MP: 14/14
  4294 | D:5      | HP: 2/48 [killer bee (4)]
  4784 | D:5      | HP: 1/48 [acid (5)]
  5082 | D:5      | Reached skill level 1 in Ice Magic
  5187 | D:5      | Found a glowing golden altar of the Shining One.
  5279 | D:5      | Succumbed to a killer bee's poison

Vault maps used:
D:1:      eino_arrival_water_star
D:2:      nicolae_dithmenos_shadow_blocks, st_stairs_4, kennysheep_minor_cross
D:3:      lemuel_round_altar, trog_three_pillars_becter, uniq_crazy_yiuf_cottage
D:4:      okawaru_trees_2, old_standard_altar, led_sif_pool,
          nicolae_ru_awakened_eye, serial_shops, shop, uniq_blork_the_orc
D:5:      serial_glass, glass_columns_a, glass_columns_a, serial_shops,
          kennysheep_mini_moat, basic_altar, first_ration, grunt_ministairs_13,
          kennysheep_decorative_pillar, hangedman_decor_riveting,
          minmay_small_thing

Skill      XL: |  1  2  3  4  5  6  7  8 |
---------------+-------------------------+-----
Transmutations | 3 4 5 6 |  6.4
Spellcasting   | 3 4 |  4.0
Unarmed Combat | 4 5 6 |  6.5
Poison Magic   | 1 2 |  2.9
Ice Magic      | 1 |  1.8
Fighting       | |  1.0
Dodging        | |  2.0

Action                   |  1- 3 |  4- 6 |  7- 9 || total
-------------------------+-------+-------+-------++-------
Melee: Unarmed           |    73 |   110 |    78 ||   261
       Constrict         |    14 |    11 |     8 ||    33
       Tentacles         |    14 |     6 |     5 ||    25
       Punch             |     1 |     2 |     3 ||     6
       Kick              |     2 |     6 |     2 ||    10
       Quarterstaff      |       |       |    45 ||    45
 Cast: Beastly Appendage |     2 |     3 |     1 ||     6
       Spider Form       |     1 |     8 |    12 ||    21
       Sticks to Snakes  |     1 |     3 |       ||     4
Evoke: Wand              |       |       |     2 ||     2
  Use: Scroll            |     4 |     1 |     4 ||     9
       Potion            |     1 |     6 |     6 ||    13
 Stab: Sleeping          |     3 |     4 |     5 ||    12
  Eat: Chunk             |     1 |     3 |     8 ||    12
       Ration            |       |     1 |       ||     1
Armor: Skin              |    12 |    34 |     8 ||    54
Dodge: Dodged            |    41 |    62 |    99 ||   202

Table legend:
 A = Spawn XP
 B = Non-spawn XP
 C = Spawn XP percentage of total XP
 D = Spawn monster count
 E = Non-spawn monster count
 F = Spawn count percentage of total count
 G = Total turns spent on level
                    A         B        C        D         E        F      G
               +---------+---------+-------+---------+---------+-------+---------
         Total |       0 |    1789 |   0.0 |       0 |     112 |   0.0 |  5279
               +---------+---------+-------+---------+---------+-------+---------
           D:1 |       0 |      21 |   0.0 |       0 |      14 |   0.0 |   752
           D:2 |       0 |      40 |   0.0 |       0 |      10 |   0.0 |   476
           D:3 |       0 |     587 |   0.0 |       0 |      43 |   0.0 |  1808
           D:4 |       0 |     420 |   0.0 |       0 |      20 |   0.0 |  1647
           D:5 |       0 |     721 |   0.0 |       0 |      25 |   0.0 |   596
               +---------+---------+-------+---------+---------+-------+---------
